 Dungeon Crawl Stone Soup version 0.31-a0-876-gfe8ebadbca (webtiles) character file.

Game seed: 4200894913039818195

1389 Shayle the Changeling (level 9, -2/71 HPs)
             Began as a Human Shapeshifter on Oct 13, 2023.
             Slain by a black bear (16 damage)
             ... on level 6 of the Dungeon.
             The game lasted 00:10:19 (5161 turns).

Shayle the Changeling (Human Shapeshifter)          Turns: 5161, Time: 00:10:19

Health: -2/71      AC: 10    Str: 15    XL:     9   Next: 0%
Magic:  9/9        EV:  2    Int: 14    God:
Gold:   362        SH:  0    Dex: 19    Spells: 8/8 levels left

rFire   . . .        B - melded +6 mace "Qupaicav" {freeze, +Blink Int+5}
rCold   . . .        (shield currently unavailable)
rNeg    . . .        E - +0 plate armour
rPois   +            (no helmet)
rElec   .            (no cloak)
rCorr   .            (no gloves)
SInv    .            (no boots)
Will    .....        (no amulet) Stlth
                     g - +6 ring of dexterity
HPRegen 0.31/turn    u - ring of poison resistance
MPRegen 0.11/turn

%: no passive effects
@: flux-form, sleeping, hasted, glowing
A: glow, contaminating
a: Begin Untransformation


You were on level 6 of the Dungeon.
You were something dangerously unstable.
You visited 1 branch of the dungeon, and saw 6 of its levels.

You collected 362 gold pieces.

Inventory:

Hand Weapons
 f - a +1 dagger of venom
 q - a +3 quarterstaff of chaos
 r - a +0 hand axe of electrocution
 B - the +6 mace "Qupaicav" (melded) {freeze, +Blink Int+5}
   (You found it on level 5 of the Dungeon)

   Int+5:     It affects your intelligence (+5).
   +Blink:    It lets you blink.
 D - the +5 mace of Foul Odours {pain, +Blink rC+ Str+2}
   (You found it on level 5 of the Dungeon)

   Str+2:     It affects your strength (+2).
   rC+:       It protects you from cold.
   +Blink:    It lets you blink.
 I - a +2 dire flail of draining
Armour
 a - a +0 animal skin
 m - a +0 cloak
 A - a +2 leather armour of fire resistance
 E - a +0 plate armour (worn)
Jewellery
 g - a +6 ring of dexterity (left hand)
 u - a ring of poison resistance (right hand)
 y - a ring of magical power
Talismans
 c - a beast talisman
 d - a flux talisman (active)
Wands
 C - a wand of quicksilver (5)
 H - a wand of flame (22)
Scrolls
 e - 2 scrolls of noise {unknown}
 h - 2 scrolls of poison {unknown}
 i - 3 scrolls of identify {unknown}
 j - a scroll of fear {unknown}
 k - a scroll of silence {unknown}
 n - 5 scrolls of teleportation {unknown}
 o - a scroll of torment {unknown}
 p - 2 scrolls of amnesia {unknown}
 v - a scroll of vulnerability {unknown}
 x - a scroll of revelation {unknown}
 z - 2 scrolls of enchant armour {unknown}
Potions
 b - a potion of lignification
 l - a potion of haste
 s - a potion of curing {unknown}
 t - a potion of attraction {unknown}
 w - a potion of enlightenment {unknown}
 F - 2 potions of berserk rage {unknown}
 G - 2 potions of degeneration {unknown}


   Skills:
 + Level 6.9 Fighting
 - Level 2.0 Dodging
 + Level 4.5 Unarmed Combat
 + Level 7.0 Shapeshifting


You had 8 spell levels left.
You didn't know any spells.
Your spell library contained the following spells:

 Spells                   Type           Power      Damage    Failure   Level
 Apportation              Tloc           0%         N/A       100%        1
 Necrotise                Necr           0%         1d4       100%        1
 Sting                    Tmut/Pois      0%         1d3       100%        1
 Summon Small Mammal      Summ           0%         N/A       100%        1
 Poisonous Vapours        Pois/Air       0%         N/A       100%        2
 Sublimation of Blood     Necr           0%         N/A       100%        2
 Olgreb's Toxic Radiance  Pois           0%         N/A       100%        4
 Petrify                  Tmut/Erth      0%         N/A       100%        4
 Alistair's Intoxication  Tmut/Pois      0%         N/A       100%        5
 Borgnjor's Vile Clutch   Necr/Erth      0%         N/A       100%        5
 Irradiate                Conj/Tmut      0%         3d11      100%        5
 Eringya's Noxious Bog    Tmut/Pois      0%         4d6       100%        6


Dungeon Overview and Level Annotations

Branches:
Dungeon (6/15)
 Temple: D:4-7

Altars:
Dithmenos
Qazlal
Ru
Sif Muna
Trog
Xom

Shops:
D:4 [

Annotations:
D:2 Robin
D:5 2 runed translucent doors


Message History

The black bear is heavily wounded.
You feel sick. The black bear barely misses you. x2
The black bear claws you but does no damage.
You hit the black bear.
The black bear begins to glow.
The black bear is heavily wounded.
You feel sick.
A sleepcap comes into view.
The black bear barely misses you.
The black bear claws you but does no damage.
The black bear claws you.
You hit the black bear.
The black bear glows dangerously bright.
The black bear is severely wounded.
You feel sick.
The black bear goes berserk!
You hit the sleepcap.
The sleepcap begins to glow.
The sleepcap is lightly damaged.
The black bear bites you!
The black bear claws you but does no damage. x2
The sleepcap barely misses you.
You hit the sleepcap but do no damage.
The sleepcap glows dangerously bright.
The sleepcap is lightly damaged.
You feel sick. The black bear bites you.
The black bear claws you but does no damage. x2
The sleepcap releases spores at you but does no damage.
The black bear bites you but does no damage.
The black bear claws you but does no damage.
The black bear claws you.
It was a potion of haste.
You feel yourself speed up.
You feel sick.
You are no longer poisoned.
The black bear bites you but does no damage.
The black bear claws you.
* * * LOW HITPOINT WARNING * * *
The black bear claws you.
* * * LOW HITPOINT WARNING * * *
The sleepcap releases spores at you.
* * * LOW HITPOINT WARNING * * *
You are engulfed in a cloud of soporific spores!
You fall asleep.
The black bear bites you!
You die...

.
.###.##..#.#..............
..
...........######...#...#.
...##.###.#### #...#####.
#.##.###.# #...# #.
#.>......# #...# #.
##.....#.# #...# #(
.##.......# #.
.........####### #.
..###.....Shpf.#
##.#.#####.# .[.#.# #
#####.# #.# #.. ###


You could see a water moccasin (misshapen), a black bear (berserk, contam,
misshapen) and a sleepcap (heavy contam).

Vanquished Creatures
  Grinder (D:6)
  Eustachio (D:3)
  Edmund (D:6)
  Menkaure (D:5)
  2 ice beasts (D:5)
  A centaur (D:6)
  A scorpion (D:6)
  A howler monkey (D:6)
  3 hounds (D:4)
  Crazy Yiuf (D:2)
  A sleepcap (D:6)
  Jessica (D:2)
  An iguana (D:4)
  5 gnolls
  8 adders
  A white imp (D:5)
  An ufetubus (D:4)
  2 dart slugs
  16 orcs
  3 bats
  9 endoplasms
  4 giant cockroaches
  10 goblins
  4 hobgoblins
  9 jackals
  6 kobolds
  4 quokkas
  4 ball pythons
  7 frilled lizards
  9 rats
118 creatures vanquished.

Notes
Turn   | Place    | Note
-------+----------+-------------------------------------------
     0 | D:1      | Shayle the Human Shapeshifter began the quest for the Orb.
     0 | D:1      | Reached XP level 1. HP: 15/15 MP: 1/1
    69 | D:1      | Reached XP level 2. HP: 20/22 MP: 2/2
   208 | D:1      | Reached XP level 3. HP: 27/27 MP: 3/3
   873 | D:2      | Reached XP level 4. HP: 25/34 MP: 4/4
  1153 | D:2      | Noticed Jessica
  1157 | D:2      | Killed Jessica
  1158 | D:2      | Reached skill level 4 in Shapeshifting
  1161 | D:2      | Reached XP level 5. HP: 41/41 MP: 5/5
  1460 | D:2      | Found a runed translucent door.
  1461 | D:2      | Noticed Crazy Yiuf
  1469 | D:2      | Killed Crazy Yiuf
  1706 | D:2      | Noticed Robin
  2203 | D:3      | Reached XP level 6. HP: 45/48 MP: 6/6
  2626 | D:4      | Noticed Eustachio
  2747 | D:3      | Killed Eustachio
  2748 | D:3      | Reached skill level 5 in Shapeshifting
  2826 | D:4      | Found Liczaol's Antique Armour Emporium.
  2861 | D:4      | Reached XP level 7. HP: 29/55 MP: 7/7
  3151 | D:4      | Reached skill level 5 in Fighting
  3381 | D:4      | Found a bloodstained altar of Trog.
  3387 | D:4      | Found a shimmering blue altar of Sif Muna.
  3389 | D:4      | Found a shadowy altar of Dithmenos.
  3389 | D:4      | Found a stormy altar of Qazlal.
  3395 | D:4      | Found a shimmering altar of Xom.
  3748 | D:5      | Entered Level 5 of the Dungeon
  3775 | D:5      | Identified the +6 mace "Qupaicav" {freeze, +Blink Int+5}
  3913 | D:5      | Noticed Menkaure
  4062 | D:5      | Killed Menkaure
  4063 | D:5      | Reached skill level 6 in Shapeshifting
  4063 | D:5      | Reached XP level 8. HP: 64/64 MP: 8/8
  4106 | D:5      | Identified the +5 mace of Foul Odours {pain, +Blink rC+
                  | Str+2}
  4433 | D:5      | Found a sacrificial altar of Ru.
  4568 | D:5      | Found a runed translucent door.
  4570 | D:5      | Found a runed translucent door.
  4686 | D:6      | Noticed Edmund
  4696 | D:6      | Killed Edmund
  4931 | D:6      | Noticed Grinder
  4949 | D:6      | Killed Grinder
  5078 | D:6      | Reached skill level 7 in Shapeshifting
  5078 | D:6      | Reached XP level 9. HP: 68/71 MP: 9/9
  5161 | D:6      | Slain by a black bear

Illustrated notes

Levels and vault maps discovered:
D:1:      dpeg_arrival_oval, layout_loops_ring
D:2:      layout_basic, uniq_jessica, uniq_robin, uniq_crazy_yiuf_cottage
D:3:      layout_basic, minmay_crystal_room, minmay_circle_x
D:4:      layout_gridville, nicolae_overflow_hallway_of_the_gods, serial_shops,
          nicolae_shop_hallway_plus, st_stairs_7, uniq_eustachio
D:5:      lemuel_insect_pit, layout_basic, lemuel_crystal_altar, uniq_menkaure
D:6:      layout_loops_cross, mainiacjoe_overflow_alcove_4, uniq_edmund,
          uniq_grinder

Skill      XL: |  1  2  3  4  5  6  7  8 |
---------------+-------------------------+-----
Fighting       | 2 3 4 5 6 |  6.9
Shapeshifting  | 4 5 6 7 |  7.0
Unarmed Combat | 4 |  4.5
Dodging        | |  2.0

Action                     |  1- 3 |  4- 6 |  7- 9 || total
---------------------------+-------+-------+-------++-------
  Melee: Unarmed           |    24 |       |    84 ||   108
         Dagger            |    43 |   152 |    41 ||   236
         Punch             |     2 |     8 |     3 ||    13
         Mace              |       |       |    17 ||    17
  Evoke: Wand              |       |       |     3 ||     3
    Use: Potion            |       |       |     1 ||     1
   Stab: Sleeping          |     1 |     1 |     3 ||     5
 Armour: Animal skin       |    28 |    85 |    34 ||   147
         Leather armour    |       |       |    13 ||    13
         Plate armour      |       |       |   104 ||   104
  Dodge: Dodged            |    34 |   128 |    55 ||   217
   Form: Flux              |       |       |     1 ||     1

Table legend: (Time is in decaauts)
 A = Elapsed time spent in this place.
 B = Non-inter-level travel time spent in this place.
 C = Inter-level travel time spent in this place.
 D = Time resting spent in this place.
 E = Time spent auto-exploring this place.
 F = Levels seen in this place.
 G = Mean time per level.
                   A        B        C        D        E       F      G
               +--------+--------+--------+--------+--------+-----+--------+
         Total |   5162 |   5044 |    118 |    454 |   3237 |   6 |  860.3 |
       Dungeon |   5162 |   5044 |    118 |    454 |   3237 |   6 |  860.3 |
               +--------+--------+--------+--------+--------+-----+--------+

Top non-repeatable levels by time:
     D:4: 999 daAuts
     D:3: 975 daAuts
     D:2: 962 daAuts
     D:5: 935 daAuts
     D:1: 811 daAuts
     D:6: 478 daAuts
